 Dungeon Crawl Stone Soup version 0.27-a0-78-g75406f0b48 (webtiles) character file.

Game seed: 13788501508379170481

29 knot the Chopper (level 3, 29/29 HPs)
             Began as a Demonspawn Berserker on Jan 14, 2021.
             Was a Follower of Trog.
             Quit the game on level 1 of the Dungeon.
             The game lasted 00:00:48 (714 turns).

knot the Chopper (Demonspawn Berserker)              Turns: 714, Time: 00:00:48

Health: 29/29      AC:  2    Str: 17    XL:     3   Next: 1%
Magic:  3/3        EV: 12    Int:  9    God:    Trog [*.....]
Gold:   33         SH:  0    Dex: 12    Spells: 2/2 levels left

rFire    . . .     SeeInvis .   a - +0 hand axe
rCold    + . .     Faith    .   (no shield)
rNeg     . . .     Spirit   +   b - +0 animal skin
rPois    .         Reflect  .   (no helmet)
rElec    .         Harm     .   (no cloak)
rCorr    .         Rampage  .   (no gloves)
Will     .....                  (no boots)
Stlth    ++........             j - amulet of inaccuracy (curse)
HPRegen  0.09/turn              d - ring of stealth
MPRegen  0.08/turn              (no ring)

@: no status effects
A: cold resistance 1, magic shield
a: Renounce Religion, Berserk


You were on level 1 of the Dungeon.
You worshipped Trog.
Trog was aware of your devotion.
You visited 1 branch of the dungeon, and saw 1 of its levels.

You collected 33 gold pieces.

Inventory:

Hand Weapons
 a - a +0 hand axe (weapon)
Missiles
 g - 37 stones
 i - 14 arrows
Armour
 b - a +0 animal skin (worn)
Jewellery
 d - a ring of stealth (left hand)
 j - a cursed amulet of inaccuracy (around neck)
Scrolls
 h - a scroll of fog
Potions
 e - 3 potions of brilliance {unknown}


   Skills:
 - Level 3.0 Fighting
 + Level 3.8 Axes
 - Level 1.7 Armour
 - Level 1.7 Dodging


You had 2 spell levels left.
You didn't know any spells.
Your spell library was empty.

Dungeon Overview and Level Annotations

Branches:
Dungeon (1/15)

Altars:


Innate Abilities, Weirdness & Mutations

Your flesh is cold resistant. (rC+)
When hurt, damage is shared between your health and your magic reserves.


Message History

There are monsters nearby!
A hobgoblin comes into view.
You hit the hobgoblin.
You kill the hobgoblin!
Trog accepts your kill.
You have reached level 3!
Your experience leads to an increase in your attributes!
Increase (S)trength, (I)ntelligence, or (D)exterity?
You feel clever.
Your demonic ancestry asserts itself...
You feel resistant to cold.
Are you sure you want to abandon this character and quit the game? (Confirm with "yes".)
Okay, then.
Unknown command.
Unknown command.
Unknown command.
Unknown command.
Unknown command.
Unknown command.
Unknown command.
Are you sure you want to abandon this character and quit the game? (Confirm with "yes".)

#..# ... # #..
.# #### ### .g.
.. ..P# ...#.#
.# .P≈#
#.###.#.##..#.#
P≈≈#
#.....r)......#
≈≈≈# #@# ≈≈≈#
###.# ≈≈≈#
##...##.# ≈≈≈#
#.......# ≈≈≈#
#..###### P≈≈#
#..# .P≈# #..#
..P# ######..#
.### #.......#


You could see a hobgoblin and a rat.

Vanquished Creatures
  A dart slug (D:1)
  4 giant cockroaches (D:1)
  4 goblins (D:1)
  4 hobgoblins (D:1)
  2 jackals (D:1)
  4 kobolds (D:1)
  2 frilled lizards (D:1)
  A rat (D:1)
22 creatures vanquished.

Vanquished Creatures (others)
  2 plants (D:1)
2 creatures vanquished.

Grand Total: 24 creatures vanquished

Notes
Turn   | Place    | Note
-------+----------+-------------------------------------------
     0 | D:1      | knot the Demonspawn Berserker began the quest for the Orb.
     0 | D:1      | Reached XP level 1. HP: 18/18 MP: 1/1
    92 | D:1      | Gained mutation: When hurt, damage is shared between your
                  | health and your magic reserves. [demonic ancestry]
    92 | D:1      | Reached XP level 2. HP: 16/24 MP: 2/2
   714 | D:1      | Gained mutation: Your flesh is cold resistant. (rC+)
                  | [demonic ancestry]
   714 | D:1      | Reached XP level 3. HP: 29/29 MP: 3/3
   714 | D:1      | Quit the game

Illustrated notes

Levels and vault maps discovered:
D:1:      eino_arrival_druids_welcome, layout_loops_ring, tso_altar

Skill      XL: |  1 |
---------------+----+-----
Axes           | 3 |  3.8
Fighting       | |  3.0
Armour         | |  1.7
Dodging        | |  1.7

Action                   || total
-------------------------++-------
Melee: Hand axe          ||    67
  Use: Scroll            ||     3
 Stab: Sleeping          ||     3
Armor: Animal skin       ||     6
Dodge: Dodged            ||    43

Table legend: (Time is in decaauts)
 A = Elapsed time spent in this place.
 B = Non-inter-level travel time spent in this place.
 C = Inter-level travel time spent in this place.
 D = Time resting spent in this place.
 E = Time spent auto-exploring this place.
 F = Levels seen in this place.
 G = Mean time per level.
                   A        B        C        D        E       F      G
               +--------+--------+--------+--------+--------+-----+--------+
         Total |    721 |    721 |      0 |      0 |    575 |   1 |  721.0 |
       Dungeon |    721 |    721 |      0 |      0 |    575 |   1 |  721.0 |
               +--------+--------+--------+--------+--------+-----+--------+

Top non-repeatable levels by time:
     D:1: 721 daAuts
